 Dungeon Crawl Stone Soup version 0.29-a0-270-g1586fc07ea (webtiles) character file.

Game seed: 18356522926251005695

896 tsouns the Quickloader (level 8, 0/44 HPs)
             Began as a Tengu Hunter on Mar 7, 2022.
             Was an Elder of Uskayaw.
             Slain by a water moccasin (2 damage)
             ... on level 6 of the Dungeon.
             The game lasted 00:13:15 (4535 turns).

tsouns the Quickloader (Tengu Hunter)               Turns: 4535, Time: 00:13:15

Health: 0/44       AC:  5    Str: 15    XL:     8   Next: 7%
Magic:  3/9        EV: 14    Int: 11    God:    Uskayaw [****..]
Gold:   301        SH:  0    Dex: 15    Spells: 5/7 levels left

rFire   . . .      SeeInvis +   a - +2 hand crossbow
rCold   . . .      Faith    .   (no shield)
rNeg    . . .      Spirit   .   b - +0 leather armour
rPois   .          Reflect  .   (helmet restricted)
rElec   .          Harm     .   p - +1 cloak
rCorr   .          Rampage  .   (no gloves)
Will    .....                   (boots unavailable)
Stlth   +.........              h - amulet of the acrobat
HPRegen 0.14/turn               j - ring of see invisible
MPRegen 0.11/turn               (no ring)

@: lethally poisoned (0 -> -7), about to teleport, marked, attractive, flying
quickly and evasively, quick
A: beak, talons 3, nimble flight
a: Renounce Religion, Stomp, Line Pass


You were on level 6 of the Dungeon.
You worshipped Uskayaw.
Uskayaw was noncommittal.
You visited 1 branch of the dungeon, and saw 6 of its levels.
You also visited: Sewer.

You collected 301 gold pieces.

Inventory:

Hand Weapons
 a - a +2 hand crossbow (weapon)
 e - a +2 dagger of electrocution
 g - the +3 rapier of the Poles {protect, rF+ Int+2 Dex+4}
   (You found it on level 4 of the Dungeon)

   It grants its wielder temporary protection when it strikes (+7 to AC).
   Int:       It affects your intelligence (+2).
   Dex:       It affects your dexterity (+4).
   rF:        It protects you from fire.
 s - a +2 vampiric hand axe
Armour
 b - a +0 leather armour (worn)
 p - a +1 cloak (worn)
Jewellery
 h - an amulet of the acrobat (around neck)
 j - a ring of see invisible (left hand)
 k - a ring of protection from cold
 o - a ring of ice
Wands
 i - a wand of flame (26)
Scrolls
 c - 2 scrolls of immolation
 l - 3 scrolls of teleportation
 n - a scroll of enchant armour
Potions
 d - a potion of berserk rage
 f - a potion of mutation
 m - a potion of might {unknown}
 q - a potion of resistance {unknown}
 r - a potion of attraction
 t - a potion of curing {unknown}
 u - a potion of heal wounds {unknown}


   Skills:
 - Level 2.0 Fighting
 + Level 10.7 Crossbows
 - Level 2.1 Dodging
 - Level 1.0 Stealth


You had 5 spell levels left.
You knew the following spells:

 Your Spells              Type           Power      Damage    Failure   Level
a - Blink                 Tloc           0%         N/A       54%         2

Your spell library contained the following spells:

 Spells                   Type           Power      Damage    Failure   Level
 Animate Skeleton         Necr           0%         N/A       41%         1
 Pain                     Necr           0%         1d4       41%         1
 Vampiric Draining        Necr           0%         2d6       78%         3
 Passage of Golubria      Tloc           0%         N/A       99%         4
 Manifold Assault         Tloc           0%         N/A       100%        5
 Silence                  Hex/Air        0%         N/A       100%        5
 Storm Form               Tmut/Air       0%         N/A       100%        7
 Lehudib's Crystal Spear  Conj/Erth      0%         10d2      100%        8


Dungeon Overview and Level Annotations

Branches:
Dungeon (6/15)             Temple (0/1) D:4           Sewer (visited)

Altars:
Uskayaw

Shops:
D:1 (

Annotations:
D:6 Pikel


Innate Abilities, Weirdness & Mutations

You have a beak for a mouth.
You have claws for feet.
Your magical nature lets you fly swiftly and evasively.


Message History

The centaur is no longer paralysed.
The ogre is no longer paralysed.
The water moccasin is no longer paralysed. x2
The water moccasin bites you.
You are lethally poisoned!
The water moccasin poisons you! The water moccasin bites you.
* * * LOW HITPOINT WARNING * * *
The water moccasin bites you but does no damage. x2
The lemure moves out of view.
A shadow imp comes into view.
As you read the scroll of teleportation, it crumbles to dust.
You feel strangely unstable.
* * * LOW HITPOINT WARNING * * *
You feel very sick.
A hound comes into view.
The water moccasin barely misses you. The water moccasin closely misses you.
Unknown command.
Unknown command.
Pikel attacks as you move away! Pikel misses you.
An orc, a jelly and a lemure come into view.
* * * LOW HITPOINT WARNING * * *
You feel very sick.
The water moccasin completely misses you.
The lemure closely misses you.
Pikel says, "Time is money, and you're costing me too much!"
A sky beast comes into view.
Unknown command.
The water moccasin attacks as you move away!
The water moccasin completely misses you.
* * * LOW HITPOINT WARNING * * *
You feel very sick. The lemure completely misses you.
Pikel says, "You'll make a fine lemure."
Unknown command.
Unknown command.
It was a potion of attraction.
You feel attractive to monsters.
* * * LOW HITPOINT WARNING * * *
You feel sick. The water moccasin barely misses you.
The water moccasin bites you.
You die...

#..##..###..###.#
#...............
#......<.......
#####........h.
#.....C5.5.
#...##..##<
#.Y.##o###
#..S5#5K5#


+.JOcoSS@# ########## You could see Pikel, an orc warrior, 2 water moccasins, an
ogre, 3 lemures, a centaur, a jelly, an adder and an orc.

Vanquished Creatures
  A vampire mosquito (D:6)
  A sky beast (D:4)
  An ogre (D:5)
  A necrophage (D:4)
  An orc priest (D:5)
  2 hounds (D:5)
  2 iguanas (D:4)
  3 orc wizards (D:5)
  A merfolk siren (Sewer)
  A merfolk avatar (Sewer)
  4 gnolls (D:4)
  7 adders
  2 river rats (Sewer)
  2 shadow imps
  A white imp (D:6)
  2 ufetubi (D:6)
  A worm (D:4)
  3 dart slugs (D:4)
  13 orcs
  7 ball pythons
  4 endoplasms
  8 giant cockroaches
  8 goblins
  4 hobgoblins
  5 jackals
  7 quokkas
  A bat (D:2)
  5 frilled lizards
  5 kobolds
  23 rats
126 creatures vanquished.

Notes
Turn   | Place    | Note
-------+----------+-------------------------------------------
     0 | D:1      | tsouns the Tengu Hunter began the quest for the Orb.
     0 | D:1      | Reached XP level 1. HP: 12/12 MP: 2/2
   454 | D:1      | Reached XP level 2. HP: 17/17 MP: 3/3
   590 | D:1      | Reached skill level 5 in Crossbows
   618 | D:1      | Found Yhemn's Weapon Shoppe.
   953 | D:2      | Reached XP level 3. HP: 18/21 MP: 4/4
  1182 | D:2      | Found a faded altar of an unknown god.
  1189 | D:2      | Prayed at the altar of an unknown god.
  1189 | D:2      | Became a worshipper of Uskayaw the Reveller
  1189 | D:2      | Reached * piety under Uskayaw
  1481 | D:3      | Reached ** piety under Uskayaw
  1950 | D:3      | Reached skill level 6 in Crossbows
  1950 | D:3      | Reached XP level 4. HP: 25/26 MP: 5/5
  2022 | D:4      | Noticed a necrophage
  2036 | D:4      | Reached *** piety under Uskayaw
  2039 | D:4      | Reached **** piety under Uskayaw
  2043 | D:4      | Reached ***** piety under Uskayaw
  2044 | D:4      | Killed a necrophage
  2045 | D:4      | Reached skill level 7 in Crossbows
  2045 | D:4      | Gained mutation: Your magical nature lets you fly swiftly
                  | and evasively. [Tengu growth]
  2045 | D:4      | Reached XP level 5. HP: 16/30 MP: 6/6
  2474 | D:4      | Learned a level 2 spell: Blink
  2500 | D:4      | Reached XP level 6. HP: 35/35 MP: 7/7
  2532 | D:4      | Noticed a sky beast
  2556 | D:4      | Killed a sky beast
  2557 | D:4      | Reached skill level 8 in Crossbows
  2608 | D:4      | Identified the +3 rapier of the Poles {protect, rF+ Int+2
                  | Dex+4}
  2714 | D:4      | Found a staircase to the Ecumenical Temple.
  2825 | D:5      | Entered Level 5 of the Dungeon
  2895 | D:5      | Reached XP level 7. HP: 40/40 MP: 8/8
  3027 | D:5      | Reached skill level 9 in Crossbows
  3185 | D:5      | Found a glowing drain.
  3199 | Sewer    | Entered a sewer
  3792 | D:5      | Reached skill level 10 in Crossbows
  4516 | D:6      | Noticed a vampire mosquito
  4526 | D:6      | Killed a vampire mosquito
  4527 | D:6      | Reached XP level 8. HP: 21/44 MP: 2/9
  4531 | D:6      | Noticed a cyclops
  4531 | D:6      | Noticed Pikel
  4535 | D:6      | HP: 2/44 [poisoned by a water moccasin]
  4535 | D:6      | Slain by a water moccasin

Illustrated notes

Levels and vault maps discovered:
D:1:      dpeg_arrival_erosion, layout_loops_cross, serial_shops, shop,
          bh_walls_and_bars
D:2:      layout_loops_cross, hellmonk_ecumenical_altar_leap_of_faith
D:3:      layout_rooms
D:4:      layout_basic, minmay_temple_entry_glassed_door, serial_rivers,
          chequers_serial_rivers_large_a, chequers_serial_rivers_micro_c,
          chequers_serial_rivers_micro_c, chequers_serial_rivers_micro_c
D:5:      layout_loops_ring, portal_sewer_entry_f, fountainhead
D:6:      hangedman_cross_stitches, layout_gridville,
          gammafunk_temple_overflow_pools, uniq_sigmund, uniq_pikel,
          uniq_eustachio

Skill      XL: |  1  2  3  4  5  6  7 |
---------------+----------------------+-----
Crossbows      | 5 6 7 8 10 | 10.7
Fighting       | |  2.0
Dodging        | |  2.1
Stealth        | |  1.0

Action                   |  1- 3 |  4- 6 |  7- 9 || total
-------------------------+-------+-------+-------++-------
 Fire: Hand crossbow     |   116 |    75 |   184 ||   375
Invok: Stomp             |       |     2 |     2 ||     4
  Use: Scroll            |       |     8 |     2 ||    10
       Potion            |       |     1 |     2 ||     3
Armor: Leather armour    |     8 |     7 |    16 ||    31
Dodge: Dodged            |    24 |    18 |    54 ||    96

Table legend: (Time is in decaauts)
 A = Elapsed time spent in this place.
 B = Non-inter-level travel time spent in this place.
 C = Inter-level travel time spent in this place.
 D = Time resting spent in this place.
 E = Time spent auto-exploring this place.
 F = Levels seen in this place.
 G = Mean time per level.
                   A        B        C        D        E       F      G
               +--------+--------+--------+--------+--------+-----+--------+
         Total |   4451 |   4346 |    105 |      0 |   3510 |   7 |  635.9 |
       Dungeon |   3934 |   3829 |    105 |      0 |   3136 |   6 |  655.7 |
         Sewer |    516 |    516 |      0 |      0 |    373 |   1 |  516.0 |
               +--------+--------+--------+--------+--------+-----+--------+

Top non-repeatable levels by time:
     D:4: 1039 daAuts
     D:5: 840 daAuts
     D:1: 787 daAuts
     D:2: 693 daAuts
     D:3: 536 daAuts
   Sewer: 516 daAuts
     D:6: 37 daAuts
